 Dungeon Crawl Stone Soup version 0.21-a0-519-gb765982 (webtiles) character file.

257 slep the Chopper (level 5, -1/42 HPs)
             Began as a Demonspawn Gladiator on Dec 5, 2017.
             Slain by Natasha (5 damage)
             ... on level 2 of the Dungeon.
             The game lasted 00:04:30 (1087 turns).

slep the Chopper (Demonspawn Gladiator)             Turns: 1087, Time: 00:04:30

Health: -1/42      AC:  9    Str: 18    XL:     5   Next: 93%
Magic:  5/5        EV:  9    Int:  9    God:
Gold:   52         SH:  0    Dex: 16    Spells: 4/4 levels left

rFire    . . .     SeeInvis .   a - +0 war axe
rCold    . . .     Gourm    .   (no shield)
rNeg     . . .     Faith    .   i - +0 chain mail
rPois    .         Spirit   .   c - +0 helmet
rElec    .         Reflect  .   (no cloak)
rCorr    +         Harm     .   (no gloves)
MR       .....                  (no boots)
Stlth    ..........             (no amulet)
HPRegen  0.14/turn              m - ring of resist corrosion
MPRegen  0.09/turn              (no ring)

@: no status effects
A: claws 1, agile 1, powered by death 1, robust 1, strong 1
a: no special abilities


You were on level 2 of the Dungeon.
You were not hungry.

You visited 1 branch of the dungeon, and saw 2 of its levels.

You collected 52 gold pieces.

Inventory:

Hand Weapons
 a - a +0 war axe (weapon)
Missiles
 l - 2 throwing nets (quivered)
Armour
 b - a +0 leather armour
 c - a +0 helmet (worn)
 i - a +0 chain mail (worn)
Jewellery
 m - a ring of resist corrosion (left claw)
Scrolls
 e - 2 scrolls of identify {unknown}
 j - a scroll of enchant weapon {unknown}
 k - 3 scrolls of amnesia {unknown}
 o - a scroll of enchant armour {unknown}
 p - a scroll of immolation {unknown}
Potions
 d - a potion of might {unknown}
Comestibles
 f - a bread ration
 g - a meat ration
 h - a royal jelly
 n - 3 chunks of flesh


   Skills:
 + Level 2.7 Fighting
 + Level 4.6 Axes
 + Level 2.1 Throwing
 + Level 2.0 Armour
 + Level 3.4 Dodging
 + Level 0.4 Stealth


You had 4 spell levels left.
You didn't know any spells.

Dungeon Overview and Level Annotations

Branches:
Dungeon (2/15)

Altars:
Ashenzari

Annotations:
D:2 Natasha


Innate Abilities, Weirdness & Mutations

You have sharp fingernails.
You regenerate a little health from kills.
You are agile. (Dex +2)
You are robust. (+10% HP)
Your muscles are strong. (Str +2)


Message History

Natasha, Servant of Life and Death comes into view.
Natasha hisses angrily.
You see here 11 gold pieces.
Natasha barely misses you.
You barely miss Natasha.
Natasha claws you but does no damage. x2
You hit Natasha.
Natasha is lightly wounded.
Natasha barely misses you.
You barely miss Natasha.
Natasha is lightly wounded.
Natasha casts a spell at you. The magic dart hits you!
You closely miss Natasha.
Natasha is lightly wounded.
Natasha claws you.
* * * LOW HITPOINT WARNING * * *
Natasha claws you.
* * * LOW HITPOINT WARNING * * *
You miss Natasha. Natasha claws you.
You die...

#############.###########>####
#...............$.............
#..............##########.####
#..########.........# ##)####
#.. ##...####.# #...... #..
##.## #.# #.#.... #.. #$# #.#
#...### #.. #.# #.# ##..# ...
#@# #.# #..# ...
#h#####.#####..#
.).............#
##.#####.##.##.##
..............#
#.######.##(### #.# #.##.# #.#
#.##.# #.##.######


You could see Natasha.

Vanquished Creatures
  Sigmund (D:2)
  Natasha (twice) (D:2)
  2 adders (D:2)
  2 oozes (D:1)
  3 goblins
  4 hobgoblins (D:1)
  2 bats
  3 frilled lizards (D:1)
  2 kobolds
  3 rats
24 creatures vanquished.

Notes
Turn   | Place    | Note
-------+----------+-------------------------------------------
     0 | D:1      | slep the Demonspawn Gladiator began the quest for the Orb.
     0 | D:1      | Reached XP level 1. HP: 16/16 MP: 1/1
   144 | D:1      | Found a shattered altar of Ashenzari.
   322 | D:1      | Gained mutation: You regenerate a little health from kills. [demonic ancestry]
   322 | D:1      | Reached XP level 2. HP: 7/22 MP: 2/2
   322 | D:1      | Reached skill level 3 in Axes
   673 | D:2      | Gained mutation: You have sharp fingernails. [demonic ancestry]
   673 | D:2      | Reached XP level 3. HP: 8/27 MP: 3/3
   928 | D:2      | Noticed Sigmund
   929 | D:2      | Gained mutation: You are agile. (Dex +2) [potion of mutation]
   929 | D:2      | Gained mutation: Your muscles are strong. (Str +2) [potion of mutation]
   929 | D:2      | Gained mutation: You are robust. (+10% HP) [potion of mutation]
   946 | D:2      | Killed Sigmund
   946 | D:2      | Reached skill level 4 in Axes
   946 | D:2      | Reached skill level 1 in Armour
   946 | D:2      | Reached XP level 4. HP: 20/37 MP: 4/4
   946 | D:2      | Reached XP level 5. HP: 22/42 MP: 5/5
   987 | D:2      | Found a faded altar of an unknown god.
   999 | D:2      | Noticed Natasha
  1007 | D:2      | Killed Natasha
  1053 | D:2      | Noticed Natasha
  1064 | D:2      | Killed Natasha
  1079 | D:2      | Noticed Natasha
  1087 | D:2      | Slain by Natasha

Vault maps used:
D:1:      nzn_arrival_water_spiral, nicolae_ashenzari_panopticon
D:2:      chequers_ecumenical_altar_simple, mrwooster_statue_mirror,
          grunt_decor_arrowhead, minmay_split_cup_large, uniq_sigmund,
          uniq_natasha

Skill      XL: |  1  2  3  4  5 |
---------------+----------------+-----
Axes           | 3 4 |  4.6
Throwing       | 2 |  2.1
Armour         | 1 2 |  2.0
Dodging        | 3 |  3.4
Fighting       | |  2.7
Stealth        | |  0.4

Action                   |  1- 3 |  4- 6 || total
-------------------------+-------+-------++-------
Melee: War axe           |    83 |    25 ||   108
Throw: Throwing net      |     3 |       ||     3
  Use: Potion            |     1 |       ||     1
 Stab: Sleeping          |     1 |       ||     1
  Eat: Chunk             |       |     1 ||     1
Armor: Leather armour    |     7 |       ||     7
       Chain mail        |    42 |    13 ||    55
Dodge: Dodged            |    44 |    16 ||    60

Table legend:
 A = Spawn XP
 B = Non-spawn XP
 C = Spawn XP percentage of total XP
 D = Spawn monster count
 E = Non-spawn monster count
 F = Spawn count percentage of total count
 G = Total turns spent on level
                    A         B        C        D         E        F      G
               +---------+---------+-------+---------+---------+-------+---------
         Total |       0 |     368 |   0.0 |       0 |      24 |   0.0 |  1087
               +---------+---------+-------+---------+---------+-------+---------
           D:1 |       0 |      32 |   0.0 |       0 |      14 |   0.0 |   655
           D:2 |       0 |     336 |   0.0 |       0 |      10 |   0.0 |   432
               +---------+---------+-------+---------+---------+-------+---------
